 Dungeon Crawl Stone Soup version 0.30-a0-476-g330ca2eb8e (webtiles) character file.

Game seed: 13601403055746781560

1227 xzight the Grave Robber (level 8, -13/38 (48) HPs)
             Began as a Deep Elf Necromancer on Dec 21, 2022.
             Mangled by a shadow (28 damage)
             ... on level 5 of the Dungeon.
             The game lasted 00:18:03 (5242 turns).

xzight the Grave Robber (Deep Elf Necromancer)      Turns: 5242, Time: 00:18:03

HP:   -13/38 (48)   AC:  7    Str:  5    XL:     8   Next: 23%
MP:   20/20         EV: 15    Int: 23    God:
Gold: 281           SH:  0    Dex: 15    Spells: 8/21 levels left

rFire   . . .      SeeInvis .    a - +2 dagger (speed)
rCold   . . .      Faith    +    (no shield)
rNeg    . . .      Spirit   .    f - +0 robe
rPois   .          Reflect  .    k - +0 helmet
rElec   .          Harm     .    (no cloak)
rCorr   .          Rampage  .    p - +2 pair of gloves
Will    .....                    n - +0 pair of boots
Stlth   ++........               m - amulet of faith {!P}
HPRegen 0.26/turn                (no ring)
MPRegen 0.17/turn                (no ring)

@: heavily drained
A: no striking features
a: no special abilities


You were on level 5 of the Dungeon.
You visited 1 branch of the dungeon, and saw 6 of its levels.

You collected 281 gold pieces.


   Skills:
 + Level 3.9 Fighting
 + Level 6.3 Dodging
 - Level 2.4 Stealth
 + Level 7.1 Spellcasting
 + Level 7.7 Necromancy


You had 8 spell levels left.
You knew the following spells:

 Your Spells              Type           Power      Damage    Failure   Level
a - Necrotise             Necr           100%       1d9       1%          1
b - Vampiric Draining     Necr           43%        2d9       1%          3
c - Animate Dead          Necr           43%        N/A       3%          4
d - Agony                 Necr           43%        N/A       9%          5

Your spell library contained the following spells:

 Spells                   Type           Power      Damage    Failure   Level
 Frozen Ramparts          Ice            16%        1d3       22%         3
 Vhi's Electric Charge    Tloc/Air       16%        N/A       22%         3
 Ice Form                 Ice/Tmut       8%         N/A       58%         4
 Summon Ice Beast         Ice/Summ       8%         N/A       58%         4
 Arcjolt                  Conj/Air       4%         1d14      91%         5
 Blade Hands              Tmut           4%         N/A       91%         5
 Irradiate                Conj/Tmut      4%         3d13      91%         5
 Dragon Form              Tmut           4%         N/A       100%        7
 Maxwell's Capacitive Co  Air            4%         ∞         100%        8

Inventory:

Hand Weapons
 a - a +2 dagger of speed (weapon)
Missiles
 h - a throwing net {=f}
Armour
 f - a +0 robe (worn)
 k - a +0 helmet (worn)
 n - a +0 pair of boots (worn)
 p - a +2 pair of gloves (worn)
Magical Staves
 b - a staff of death {!a}
Jewellery
 m - an amulet of faith (around neck) {!P}
 D - a +6 ring of dexterity
 M - a ring of magical power
Wands
 q - a wand of flame (13)
 t - a wand of iceblast (9)
Scrolls
 c - 5 scrolls of identify {@r1}
 i - a scroll of teleportation {@r2}
 l - a scroll of fog
 s - a scroll of enchant weapon
Potions
 j - a potion of attraction
 o - a potion of degeneration
 r - 2 potions of magic

Dungeon Overview and Level Annotations

Branches:
Dungeon (6/15)
 Temple: D:4-7

Altars:
Qazlal

Shops:
D:2 (

Annotations:
D:3 holysushi's ghost, weakling TeCj
D:5 exclusion: shadow, Grinder

## . #.#.#.. #.
.5.##### ###.▒▒▒.....
#...▒⌠▒...#########
###.▒▒▒.▒▒▒...{@....#
....▒⌠...⌠▒...###.#.#
▒▒▒.....▒▒▒.# #.###
▒⌠.).<...⌠▒.# #.#
▒▒▒.....▒▒▒.# #.#
..S.▒⌠.?.⌠▒...# #.#
.#..▒▒▒.▒▒▒.### #.#
?.oo.o▒⌠▒...[. #.#
##.o#.▒▒▒.##### #.#


There were no monsters in sight!


Message History

Your hands tingle!
a - a +2 dagger of speed (weapon)
You hit the shadow but do no damage. The shadow hits you!
You hit the shadow but do no damage. You hit the shadow but do no damage.
The shadow slips into darkness.
The shadow flickers and vanishes!
Deactivating autopickup; reactivate with Ctrl-A.
You hit something but do no damage.
The shadow strikes at you from the darkness!
Reactivating autopickup.
You hit the shadow but do no damage. You hit the shadow.
The shadow is moderately damaged.
The shadow hits you.
* * * LOW HITPOINT WARNING * * *
You hit the shadow.
The shadow is heavily damaged.
The shadow hits you.
You hit the shadow but do no damage.
The shadow is heavily damaged.
You hit the shadow.
The shadow is heavily damaged.
The shadow slips into darkness.
The shadow flickers and vanishes!
Deactivating autopickup; reactivate with Ctrl-A.
You barely miss something.
The shadow strikes at you from the darkness!
Ouch! That really hurt!
You die...

Skill      XL: |  1  2  3  4  5  6  7  8 |
---------------+-------------------------+-----
Necromancy     | 5 6 7 |  7.7
Dodging        | 3 4 5 6 |  6.3
Fighting       | 1 2 3 |  3.9
Spellcasting   | 4 5 6 7 |  7.1
Stealth        | |  2.4

Action                   |  1- 3 |  4- 6 |  7- 9 || total
-------------------------+-------+-------+-------++-------
Melee: Unarmed           |     1 |       |       ||     1
       Dagger            |       |    11 |   154 ||   165
       Punch             |       |       |     1 ||     1
 Cast: Necrotise         |    61 |   106 |    65 ||   232
       Agony             |       |       |     2 ||     2
  Use: Potion            |       |     4 |     6 ||    10
       Scroll            |       |       |     7 ||     7
 Stab: Sleeping          |       |     1 |       ||     1
Armor: Robe              |     2 |    20 |    98 ||   120
Dodge: Dodged            |    13 |    49 |   205 ||   267

Levels and vault maps discovered:
D:1:      onia_arrival_zoo_common, layout_rooms, minmay_pentomino_p2
D:2:      minmay_chambers_of_ones, layout_basic, basic_ecumenical_altar,
          serial_shops, nicolae_lakefront_shop, minmay_box_of_dots
D:3:      layout_rooms, ebering_ghost_inner_flame, corexii_leaking_fountain,
          corexii_shack, uniq_jessica
D:4:      layout_basic
D:5:      layout_basic, mainiacjoe_overflow_alcove_1, gammafunk_ghost_icy,
          nicolae_fountain_basement, uniq_eustachio, uniq_edmund, uniq_grinder
D:6:      layout_rooms, temple_fountains, lightli_orcish_oven,
          uniq_blork_the_orc, uniq_duvessa

Notes
Turn   | Place    | Note
-------+----------+-------------------------------------------
     0 | D:1      | xzight the Deep Elf Necromancer began the quest for the
                  | Orb.
     0 | D:1      | Reached XP level 1. HP: 10/10 MP: 6/6
     6 | D:1      | Noticed a black bear
     6 | D:1      | Noticed a scorpion
     6 | D:1      | Noticed a four-headed hydra
     7 | D:1      | Noticed a komodo dragon
     7 | D:1      | Noticed a swamp worm
   122 | D:1      | Reached skill level 5 in Necromancy
   122 | D:1      | Reached XP level 2. HP: 16/16 MP: 1/8
   343 | D:1      | You fall into a shaft and drop 1 floor!
   445 | D:2      | Reached skill level 3 in Dodging
   489 | D:2      | Reached skill level 1 in Fighting
   489 | D:2      | Reached XP level 3. HP: 20/20 MP: 7/10
   589 | D:2      | Found a faded altar of an unknown god.
  1015 | D:2      | Reached XP level 4. HP: 25/25 MP: 7/11
  1350 | D:2      | Found Etyeczen's Weapon Emporium.
  1353 | D:2      | Reached skill level 4 in Spellcasting
  1669 | D:3      | Noticed Jessica
  1691 | D:3      | Killed Jessica
  1692 | D:3      | Reached XP level 5. HP: 30/30 MP: 5/13
  1853 | D:3      | Found a runed translucent door.
  1855 | D:3      | Noticed holysushi's ghost (weakling TeCj)
  2357 | D:4      | Learned a level 3 spell: Vampiric Draining
  2362 | D:4      | Learned a level 4 spell: Animate Dead
  2596 | D:4      | Reached skill level 2 in Fighting
  2596 | D:4      | Reached skill level 4 in Dodging
  2701 | D:4      | Reached skill level 6 in Necromancy
  2890 | D:4      | Reached skill level 5 in Spellcasting
  2890 | D:4      | Reached XP level 6. HP: 35/35 MP: 10/15
  3471 | D:5      | Entered Level 5 of the Dungeon
  3541 | D:5      | Noticed a shadow
  3666 | D:5      | Noticed a yak
  3707 | D:4      | Killed a yak
  3710 | D:4      | Reached skill level 5 in Dodging
  3710 | D:4      | Reached XP level 7. HP: 32/40 MP: 15/17
  3793 | D:4      | Reached skill level 3 in Fighting
  3942 | D:5      | Found a stormy altar of Qazlal.
  3944 | D:5      | Noticed Edmund
  3957 | D:5      | Killed Edmund
  3958 | D:5      | Reached skill level 6 in Spellcasting
  3958 | D:5      | Reached skill level 7 in Necromancy
  4128 | D:5      | Noticed Eustachio
  4138 | D:5      | Learned a level 5 spell: Agony
  4269 | D:5      | HP: 2/41 [river rat[Eustachio] (5)]
  4273 | D:5      | Killed Eustachio
  4552 | D:5      | Reached skill level 6 in Dodging
  4552 | D:5      | Reached XP level 8. HP: 33/47 MP: 11/20
  4865 | D:6      | Reached skill level 7 in Spellcasting
  5087 | D:5      | Identified a potion of resistance
  5228 | D:5      | Noticed Grinder
  5242 | D:5      | Mangled by a shadow

Vanquished Creatures
  A yak (D:4)
  Eustachio (D:5)
  Edmund (D:5)
  A black bear (D:5)
  A phantom (D:4)
  A bullfrog (D:6)
  A scorpion (D:4)
  A wight (D:6)
  2 hounds
  A jelly (D:4)
  An orc priest (D:5)
  2 gnoll boudas
  Jessica (D:3)
  An iguana (D:5)
  10 gnolls
  8 adders
  3 worms
  7 orcs
  4 bats
  8 endoplasms
  4 giant cockroaches
  6 goblins
  4 hobgoblins
  4 quokkas
  9 ball pythons
  2 frilled lizards
  3 kobolds
  3 rats
91 creatures vanquished.

Vanquished Creatures (collateral kills)
  A white imp (D:6)
  An endoplasm (D:1)
  A goblin (D:1)
  A kobold (D:2)
4 creatures vanquished.

Vanquished Creatures (others)
  2 plants (D:3)
2 creatures vanquished.

Grand Total: 97 creatures vanquished

Table legend: (Time is in decaauts)
 A = Elapsed time spent in this place.
 B = Non-inter-level travel time spent in this place.
 C = Inter-level travel time spent in this place.
 D = Time resting spent in this place.
 E = Time spent auto-exploring this place.
 F = Levels seen in this place.
 G = Mean time per level.
                   A        B        C        D        E       F      G
               +--------+--------+--------+--------+--------+-----+--------+
         Total |   5171 |   4977 |    194 |   1683 |   2273 |   6 |  861.8 |
       Dungeon |   5171 |   4977 |    194 |   1683 |   2273 |   6 |  861.8 |
               +--------+--------+--------+--------+--------+-----+--------+

Top non-repeatable levels by time:
     D:4: 1403 daAuts
     D:2: 1306 daAuts
     D:5: 1201 daAuts
     D:3: 687 daAuts
     D:1: 342 daAuts
     D:6: 230 daAuts

Table legend:
 A = Non-vault XP
 B = Vault XP
 C = Vault XP percentage of total XP
 D = Non-vault monster count
 E = Vault monster count
 F = Vault count percentage of total count
                 A         B        C        D         E       F
            +---------+---------+-------+---------+---------+-------
      Total |    1063 |     690 |  39.4 |      78 |      17 |  17.9
            +---------+---------+-------+---------+---------+-------
        D:1 |      18 |       3 |  14.3 |      11 |       2 |  15.4
        D:2 |      58 |      34 |  37.0 |      20 |       8 |  28.6
        D:3 |      76 |      43 |  36.1 |      11 |       3 |  21.4
        D:4 |     382 |     249 |  39.5 |      20 |       2 |   9.1
        D:5 |     286 |     361 |  55.8 |      10 |       2 |  16.7
        D:6 |     243 |       0 |   0.0 |       6 |       0 |   0.0
            +---------+---------+-------+---------+---------+-------
